 Dungeon Crawl Stone Soup version 0.26-a0-466-g989023bd0d (webtiles) character file.

Game seed: 8764269739138045369

90 Ishchenko the Slasher (level 4, -24/35 HPs)
             Began as a Human Berserker on July 30, 2020.
             Was a Believer of Trog.
             Killed from afar by an orc (30 damage)
             ... with an exploding inner flame
             ... hexed by the player character
             ... on level 5 of the Dungeon.
             The game lasted 00:05:44 (2772 turns).

Ishchenko the Slasher (Human Berserker)             Turns: 2772, Time: 00:05:44

Health: -24/35     AC:  3    Str: 18    XL:     4   Next: 85%
Magic:  4/4        EV: 13    Int:  7    God:    Trog [**....]
Gold:   148        SH:  0    Dex: 13    Spells: 3/3 levels left

rFire    . . .     SeeInvis .   a - +0 falchion
rCold    . . .     Faith    .   (no shield)
rNeg     . . .     Spirit   .   j - +0 leather armour
rPois    .         Reflect  .   (no helmet)
rElec    .         Harm     .   (no cloak)
rCorr    .                      (no gloves)
MR       .....                  (no boots)
Stlth    ..........             (no amulet)
HPRegen  0.11/turn              k - ring of attention
MPRegen  0.09/turn              (no ring)

@: no status effects
A: no striking features
a: Berserk, Trog's Hand, Renounce Religion


You were on level 5 of the Dungeon.
You worshipped Trog.
Trog was pleased with you.
You visited 1 branch of the dungeon, and saw 4 of its levels.

You collected 148 gold pieces.

Inventory:

Hand Weapons
 a - a +0 falchion (weapon)
Armour
 j - a +0 leather armour (worn)
Jewellery
 k - a ring of attention (left hand)
Scrolls
 c - 5 scrolls of remove curse
 f - 2 scrolls of random uselessness {unknown}
 l - a scroll of enchant weapon {unknown}
 m - 2 scrolls of identify {unknown}
 n - a scroll of fear {unknown}
Potions
 b - a potion of mutation {unknown}
 d - 2 potions of berserk rage {unknown}
 g - a potion of brilliance {unknown}
 h - a potion of degeneration {unknown}
 i - 2 potions of curing {unknown}


   Skills:
 + Level 3.5 Fighting
 + Level 4.0 Long Blades
 + Level 2.1 Armour
 + Level 2.9 Dodging
 + Level 0.6 Stealth


You had 3 spell levels left.
You didn't know any spells.
Your spell library was empty.

Dungeon Overview and Level Annotations

Branches:
Dungeon (3/15)

Altars:


Message History

An orc comes into view. It is wielding a +0 dagger.
The orc shouts!
You hear a shout! x2
An orc comes into view. It is wielding a +0 short sword.
The orc shouts!
An orc comes into view. It is wielding a +0 mace.
As you read the scroll labeled COFECK OKHOKYC, it crumbles to dust.
The creatures around you are filled with an inner flame!
It was a scroll of immolation.
As you read the scroll labeled MENNEU ZALEOF, it crumbles to dust.
You feel as if something is helping you.
It was a scroll of remove curse.
An orc comes into view.
The orc shouts!
The orc misses you.
You riposte.
You hit the orc.
Flame seeps out of the orc.
The orc is heavily wounded.
The orc is engulfed in blazing flames.
The orc explodes!
The fiery explosion engulfs you!!
Ouch! That really hurt!
You die...

. .##### . .....#
######## ####..
.....###......##......
.....'5'.......#..... .
#....###.$..5..#... ...
...####....###§.####....
...'5.+....+..§○§.......
...####....####§@....o..
...# #....# #o.####...
...# #....# #.o# ...#
###### #..# ...# #..#
#(.# #... ..)# #... ≈..#
#.... ≈..#


You could see a white imp and 3 orcs.

Vanquished Creatures
  An adder (D:2)
  2 oozes
  5 worms (D:2)
  2 leopard geckos
  2 giant cockroaches
  9 goblins
  3 hobgoblins
  4 jackals (D:2)
  9 kobolds
  7 bats
  4 frilled lizards (D:1)
  8 rats
56 creatures vanquished.

Notes
Turn   | Place    | Note
-------+----------+-------------------------------------------
     0 | D:1      | Ishchenko the Human Berserker began the quest for the Orb.
     0 | D:1      | Reached XP level 1. HP: 18/18 MP: 1/1
   293 | D:1      | Reached XP level 2. HP: 2/24 MP: 2/2
  1063 | D:1      | Reached ** piety under Trog
  1063 | D:1      | Reached XP level 3. HP: 8/29 MP: 3/3
  2048 | D:2      | Reached XP level 4. HP: 35/35 MP: 4/4
  2508 | D:2      | Reached skill level 4 in Long Blades
  2728 | D:3      | You fall into a shaft and drop 2 floors!
  2728 | D:5      | Entered Level 5 of the Dungeon
  2772 | D:5      | Killed from afar by an orc

Illustrated notes

Levels and vault maps discovered:
D:1:      minmay_arrival_widening_spiral_wide, layout_loops_cross
D:2:      layout_loops_ring
D:3:      minmay_general_purpose_star, layout_basic
D:5:      cheibrodos_barr_body, layout_basic, minivault_14, uniq_prince_ribbit1

Skill      XL: |  1  2  3  4 |
---------------+-------------+-----
Long Blades    | 4 |  4.0
Fighting       | |  3.5
Armour         | |  2.1
Dodging        | |  2.9
Stealth        | |  0.6

Action                   |  1- 3 |  4- 6 || total
-------------------------+-------+-------++-------
Melee: Falchion          |   129 |    41 ||   170
  Use: Scroll            |       |     2 ||     2
 Stab: Sleeping          |     3 |       ||     3
Armor: Robe              |    19 |       ||    19
       Leather armour    |     6 |    10 ||    16
Dodge: Dodged            |    93 |    36 ||   129
       Rpst.: Falchion   |    26 |    15 ||    41

Table legend: (Time is in decaauts)
 A = Elapsed time spent in this place.
 B = Non-inter-level travel time spent in this place.
 C = Inter-level travel time spent in this place.
 D = Time resting spent in this place.
 E = Time spent auto-exploring this place.
 F = Levels seen in this place.
 G = Mean time per level.
                   A        B        C        D        E       F      G
               +--------+--------+--------+--------+--------+-----+--------+
         Total |   2792 |   2746 |     46 |    326 |   2015 |   4 |  698.0 |
       Dungeon |   2792 |   2746 |     46 |    326 |   2015 |   4 |  698.0 |
               +--------+--------+--------+--------+--------+-----+--------+

Top non-repeatable levels by time:
     D:1: 1603 daAuts
     D:2: 1107 daAuts
     D:5: 43 daAuts
     D:3: 38 daAuts
